PAAA
BAKERSFIELD NOBLES @ JERSEY CITY TRITONS
09/17/2042
 
TOP OF THE 1ST
Bakersfield Nobles batting - Pitching for Jersey City Tritons : LHP Adrián Padilla
Pitching: LHP Adrián Padilla
Batting: RHB Dídac Nores 0-0: Ground out 6-3 (Groundball, 6, EV 76.2 MPH)
Batting: RHB Juan Lugo 0-0: Called Strike
0-1: Foul Ball, location: 2F
0-2: Ground out 5-3 (Groundball, 56S, EV 90.0 MPH)
Batting: RHB Jesús Vargas 0-0: Ball
1-0: Ball
2-0: Fly out, F9 (Flyball, 89M, EV 75.6 MPH)
Top of the 1st over - 0 runs, 0 hits, 0 errors, 0 left on base; Bakersfield 0 - Jersey City 0
BOTTOM OF THE 1ST
Jersey City Tritons batting - Pitching for Bakersfield Nobles : RHP Carlos Vargas
Pitching: RHP Carlos Vargas
Batting: LHB Justice Bigbie 0-0: Ball
1-0: Ball
2-0: Called Strike
2-1: Ground out 4-3 (Groundball, 4, EV 100.6 MPH)
Batting: RHB Santiago Valentín 0-0: Ball
1-0: Foul Ball, location: 2F
1-1: Ground out 1-3 (Groundball, 13S, EV 71.9 MPH)
Batting: RHB Xiao-yong Huang 0-0: Foul Ball, location: 2F
0-1: Ball
1-1: Swinging Strike
1-2: Ball
2-2: Ball
3-2: Fly out, F7 (Flyball, 78M, EV 95.6 MPH)
Bottom of the 1st over - 0 runs, 0 hits, 0 errors, 0 left on base; Bakersfield 0 - Jersey City 0
TOP OF THE 2ND
Bakersfield Nobles batting - Pitching for Jersey City Tritons : LHP Adrián Padilla
Batting: RHB Masafumi Kawaguchi 0-0: Called Strike
0-1: Ball
1-1: Fly out, F6 (Popup, 6, EV 60.6 MPH)
Batting: RHB Sadiya Seth 0-0: Called Strike
0-1: Ball
1-1: Ball
2-1: Fly out, F5 (Popup, 56, EV 77.5 MPH)
Batting: RHB Byron Ballard 0-0: Ball
1-0: Ball
2-0: Foul Ball, location: 2F
2-1: Ball
3-1: Called Strike
3-2: Fly out, F8 (Flyball, 8LM, EV 83.1 MPH)
Top of the 2nd over - 0 runs, 0 hits, 0 errors, 0 left on base; Bakersfield 0 - Jersey City 0
BOTTOM OF THE 2ND
Jersey City Tritons batting - Pitching for Bakersfield Nobles : RHP Carlos Vargas
Batting: LHB Kevin Hancock 0-0: Swinging Strike
0-1: Fly out, F8 (Flyball, 89S, EV 81.9 MPH)
Batting: RHB Víctor Bojórquez 0-0: Called Strike
0-1: Ball
1-1: Foul Ball, location: 2F
1-2: Ball
2-2: Ball
3-2: Foul Ball, location: 2F
3-2: Fly out, F8 (Line Drive, 8RD, EV 92.5 MPH)
Batting: LHB Steve Whitehead 0-0: Ball
1-0: Ball
2-0: Ball
3-0: Base on Balls
Batting: RHB Ricardo Quintanilla 0-0: Ground out 4-3 (Groundball, 4, EV 83.8 MPH)
Bottom of the 2nd over - 0 runs, 0 hits, 0 errors, 1 left on base; Bakersfield 0 - Jersey City 0
TOP OF THE 3RD
Bakersfield Nobles batting - Pitching for Jersey City Tritons : LHP Adrián Padilla
Batting: RHB Chut-sai Meng 0-0: Called Strike
0-1: Called Strike
0-2: Foul Ball, location: 2F
0-2: Ball
1-2: Ground out 6-3 (Groundball, 6M, EV 90.6 MPH)
Batting: RHB Yu-shu Kang 0-0: Fly out, F2 (Popup, 2RF, EV 90.0 MPH)
Batting: LHB Roldão Cintra 0-0: Ball
1-0: Foul Ball, location: 2F
1-1: Foul Ball, location: 2F
1-2: DOUBLE (Line Drive, 78XD, EV 102.5 MPH)
Batting: RHB Dídac Nores 0-0: Swinging Strike
0-1: Foul Ball, location: 2F
0-2: Ball
1-2: Foul Ball, location: 2F
1-2: Foul Ball, location: 2F
1-2: Foul Ball, location: 2F
1-2: Fly out, F7 (Flyball, 7S, EV 81.2 MPH)
Top of the 3rd over - 0 runs, 1 hit, 0 errors, 1 left on base; Bakersfield 0 - Jersey City 0
BOTTOM OF THE 3RD
Jersey City Tritons batting - Pitching for Bakersfield Nobles : RHP Carlos Vargas
Batting: LHB Jim Henson 0-0: Ball
1-0: Ground out 2-3 (Groundball, 2R, EV 61.9 MPH)
Batting: LHB Jarred Williamson 0-0: Called Strike
0-1: Swinging Strike
0-2: Ball
1-2: Ground out 1-3 (Groundball, 13, EV 70.6 MPH)
Batting: LHB Justice Bigbie 0-0: Ball
1-0: Called Strike
1-1: Ball
2-1: Ball
3-1: Swinging Strike
3-2: Foul Ball, location: 2F
3-2: Foul Ball, location: 2F
3-2: Base on Balls
Batting: RHB Santiago Valentín 0-0: Ball
1-0: Fly out, F8 (Flyball, 8LD, EV 93.8 MPH)
Bottom of the 3rd over - 0 runs, 0 hits, 0 errors, 1 left on base; Bakersfield 0 - Jersey City 0
TOP OF THE 4TH
Bakersfield Nobles batting - Pitching for Jersey City Tritons : LHP Adrián Padilla
Batting: RHB Juan Lugo 0-0: Called Strike
0-1: Ball
1-1: Ball
2-1: Ground out 5-3 (Groundball, 5, EV 90.0 MPH)
Batting: RHB Jesús Vargas 0-0: Ball
1-0: Ball
2-0: Swinging Strike
2-1: Ball
3-1: Base on Balls
Batting: RHB Masafumi Kawaguchi 0-0: Ball
1-0: Ball
2-0: Called Strike
2-1: DOUBLE (Line Drive, 8RXD, EV 103.1 MPH)
Jesús Vargas to third
Batting: RHB Sadiya Seth 0-0: Called Strike
0-1: Swinging Strike
0-2: Ball
1-2: Foul Ball, location: 2F
1-2: Foul Ball, location: 2F
1-2: Ball
2-2: Ball
3-2: Base on Balls
Batting: RHB Byron Ballard 0-0: Foul Ball, location: 2F
0-1: Ball
1-1: Swinging Strike
1-2: Ball
2-2: Foul Ball, location: 2F
2-2: Foul Ball, location: 2F
2-2: SINGLE (Groundball, 56D, EV 94.4 MPH)
Jesús Vargas scores
Masafumi Kawaguchi to third
Sadiya Seth to second
Runner from 3rd tries for Home, throw by LF and OUT! 7-2
Batting: RHB Chut-sai Meng 0-0: DOUBLE (Flyball, 78D, EV 96.2 MPH)
Sadiya Seth scores
Byron Ballard to third
Batting: RHB Yu-shu Kang 0-0: Ball
1-0: Ball
2-0: Ball
3-0: Called Strike
3-1: Ground out 6-3 (Groundball, 6, EV 86.2 MPH)
Top of the 4th over - 2 runs, 3 hits, 0 errors, 2 left on base; Bakersfield 2 - Jersey City 0
BOTTOM OF THE 4TH
Jersey City Tritons batting - Pitching for Bakersfield Nobles : RHP Carlos Vargas
Batting: RHB Xiao-yong Huang 0-0: Called Strike
0-1: Ball
1-1: Called Strike
1-2: Fly out, F5 (Line Drive, 5, EV 71.9 MPH)
Batting: LHB Kevin Hancock 0-0: Foul Ball, location: 2F
0-1: Called Strike
0-2: Reached on error, E6 (Groundball, 6, EV 88.8 MPH)
Batting: RHB Víctor Bojórquez 0-0: Ball
1-0: Called Strike
1-1: Foul Ball, location: 2F
1-2: Foul Ball, location: 2F
1-2: Ball
2-2: Fly out, F8 (Flyball, 8LM, EV 86.2 MPH)
Batting: LHB Steve Whitehead 0-0: Called Strike
0-1: Ball
1-1: Ball
2-1: Fly out, F5 (Popup, 25F, EV 88.1 MPH)
Bottom of the 4th over - 0 runs, 0 hits, 1 error, 1 left on base; Bakersfield 2 - Jersey City 0
TOP OF THE 5TH
Bakersfield Nobles batting - Pitching for Jersey City Tritons : LHP Adrián Padilla
Batting: LHB Roldão Cintra 0-0: SINGLE (Line Drive, 34, EV 96.9 MPH)
Batting: RHB Dídac Nores 0-0: Ball
1-0: Sac Bunt to P - play at first, batter OUT! 1-4
Roldão Cintra to second
Batting: RHB Juan Lugo 0-0: Foul Ball, location: 2F
0-1: Ball
1-1: Swinging Strike
1-2: Foul Ball, location: 2F
1-2: Foul Ball, location: 2F
1-2: 2-RUN HOME RUN (Flyball, 78XD, EV 101.9 MPH), Distance : 430 ft
Batting: RHB Jesús Vargas 0-0: SINGLE (Line Drive, 78S, EV 110.6 MPH)
Batting: RHB Masafumi Kawaguchi 0-0: Called Strike
0-1: Ball
1-1: DOUBLE (Line Drive, 89XD, EV 101.9 MPH)
Jesús Vargas to third
Runner from 3rd tries for Home, SAFE, throw by RF to trailing runner, SAFE at third!
Batting: RHB Sadiya Seth 0-0: Called Strike
0-1: Ball
1-1: Ball
2-1: DOUBLE (Line Drive, 7LM, EV 106.9 MPH)
Masafumi Kawaguchi scores
Pitching: LHP Riccardo Muijlwijk
Batting: RHB Byron Ballard 0-0: Ball
1-0: Foul Ball, location: 2F
1-1: Swinging Strike
1-2: Ball
2-2: Ball
3-2: Base on Balls
Batting: RHB Chut-sai Meng 0-0: Ball
1-0: Fly out, F8 (Flyball, 8RS, EV 80.0 MPH)
Batting: RHB Yu-shu Kang 0-0: Ball
1-0: Foul Ball, location: 2F
1-1: Fielders Choice at 2nd, 6-4 (Groundball, 6, EV 88.8 MPH)
Top of the 5th over - 4 runs, 5 hits, 0 errors, 2 left on base; Bakersfield 6 - Jersey City 0
BOTTOM OF THE 5TH
Jersey City Tritons batting - Pitching for Bakersfield Nobles : RHP Carlos Vargas
Batting: RHB Ricardo Quintanilla 0-0: Ground out 4-3 (Groundball, 34, EV 90.0 MPH)
Batting: LHB Jim Henson 0-0: SINGLE (Line Drive, 9LS, EV 95.6 MPH)
Batting: LHB Jarred Williamson 0-0: Ball
1-0: Swinging Strike
1-1: Fly out, F3 (Popup, 3, EV 72.5 MPH)
Batting: LHB Justice Bigbie 0-0: Ball
1-0: Called Strike
1-1: Fly out, F8 (Flyball, 8LD, EV 92.5 MPH)
Bottom of the 5th over - 0 runs, 1 hit, 0 errors, 1 left on base; Bakersfield 6 - Jersey City 0
TOP OF THE 6TH
Bakersfield Nobles batting - Pitching for Jersey City Tritons : LHP Riccardo Muijlwijk
Batting: LHB Roldão Cintra 0-0: Called Strike
0-1: Swinging Strike
0-2: Ball
1-2: Strikes out swinging
Batting: RHB Dídac Nores 0-0: Swinging Strike
0-1: Ball
1-1: Ball
2-1: SINGLE (Line Drive, 6D, EV 111.2 MPH)
Batting: RHB Juan Lugo 0-0: Ball
1-0: Foul Ball, location: 2F
1-1: Ball
2-1: Ball
3-1: Base on Balls
Dídac Nores to second
Batting: RHB Jesús Vargas 0-0: Called Strike
0-1: SINGLE (Line Drive, 4MD, EV 96.2 MPH)
Dídac Nores to third
Juan Lugo to second
Runner from 3rd tries for Home, SAFE, throw by CF to home
Batting: RHB Masafumi Kawaguchi 0-0: Ball
Juan Lugo steals 3rd base
Jesús Vargas to second
1-0: Called Strike
1-1: Foul Ball, location: 2F
1-2: Foul Ball, location: 2F
1-2: Foul Ball, location: 2F
1-2: Ball
2-2: Ball
3-2: 3-RUN HOME RUN (Flyball, 78XD, EV 99.4 MPH), Distance : 412 ft
Batting: RHB Sadiya Seth 0-0: Ball
1-0: SINGLE (Groundball, 6MD, EV 97.5 MPH)
Batting: RHB Byron Ballard 0-0: Reached on error, E5 (Groundball, 56, EV 82.5 MPH)
Sadiya Seth to second
Batting: RHB Chut-sai Meng 0-0: Foul Ball, location: 2F
0-1: Ball
1-1: Fly out, F8 (Line Drive, 8RD, EV 97.5 MPH)
Batting: RHB Yu-shu Kang 0-0: Ground out 2-3 (Groundball, 15S, EV 71.9 MPH)
Top of the 6th over - 4 runs, 4 hits, 1 error, 2 left on base; Bakersfield 10 - Jersey City 0
BOTTOM OF THE 6TH
Jersey City Tritons batting - Pitching for Bakersfield Nobles : RHP Carlos Vargas
Batting: RHB Santiago Valentín 0-0: Ball
1-0: Ball
2-0: Ball
3-0: Base on Balls
Batting: RHB Xiao-yong Huang Pickoff Throw to First - Out! 1-3
0-0: Called Strike
0-1: SINGLE (Groundball, 56S, EV 68.8 MPH) (infield hit)
Batting: LHB Kevin Hancock 0-0: Called Strike
0-1: Ball
1-1: Fly out, F9 (Flyball, 9S, EV 86.9 MPH)
Batting: RHB Víctor Bojórquez 0-0: Ball
1-0: Ball
2-0: SINGLE (Line Drive, 4D, EV 99.4 MPH)
Xiao-yong Huang to second
Batting: LHB Steve Whitehead 0-0: Ball
1-0: Ground out 4-3 (Groundball, 4S, EV 64.4 MPH)
Bottom of the 6th over - 0 runs, 2 hits, 0 errors, 2 left on base; Bakersfield 10 - Jersey City 0
TOP OF THE 7TH
Bakersfield Nobles batting - Pitching for Jersey City Tritons : LHP Riccardo Muijlwijk
Batting: LHB Roldão Cintra 0-0: Swinging Strike
0-1: Ball
1-1: Ball
2-1: Swinging Strike
2-2: Ball
3-2: SINGLE (Flyball, 78M, EV 97.5 MPH)
Pitching: LHP Wesley van Klaveren
Batting: RHB Dídac Nores 0-0: Called Strike
0-1: Ball
1-1: Ball
2-1: Ball
3-1: Foul Ball, location: 2F
3-2: Foul Ball, location: 2F
3-2: Foul Ball, location: 2F
3-2: Base on Balls
Roldão Cintra to second
Batting: RHB Juan Lugo 0-0: Foul Ball, location: 2F
0-1: DOUBLE (Groundball, 5L, EV 108.8 MPH)
Roldão Cintra scores
Dídac Nores to third
Batting: RHB Jesús Vargas 0-0: Fly out, F8 (Flyball, 8LM, EV 86.9 MPH)
Batting: RHB Masafumi Kawaguchi 0-0: Called Strike
0-1: Fly out, F3 (Line Drive, 3, EV 66.2 MPH)
Pinch Hitting: SHB Glyn Bolasky 0-0: Ball
1-0: Called Strike
1-1: Foul Ball, location: 2F
1-2: Foul Ball, location: 2F
1-2: Fly out, F8 (Flyball, 89XD, EV 88.8 MPH)
Top of the 7th over - 1 run, 2 hits, 0 errors, 2 left on base; Bakersfield 11 - Jersey City 0
BOTTOM OF THE 7TH
Jersey City Tritons batting - Pitching for Bakersfield Nobles : RHP Carlos Vargas
Now in RF: Glyn Bolasky
Batting: RHB Ricardo Quintanilla 0-0: Ball
1-0: Foul Ball, location: 2F
1-1: Swinging Strike
1-2: Ball
2-2: Foul Ball, location: 2F
2-2: Foul Ball, location: 2F
2-2: Foul Ball, location: 2F
2-2: Ball
3-2: Strikes out swinging
Pitching: LHP Bing-zhong Qiu
Batting: LHB Jim Henson 0-0: Called Strike
0-1: Foul Ball, location: 2F
0-2: Strikes out looking
Batting: LHB Jarred Williamson 0-0: Called Strike
0-1: Ball
1-1: Ball
2-1: Foul Ball, location: 2F
2-2: Ball
3-2: Strikes out swinging
Bottom of the 7th over - 0 runs, 0 hits, 0 errors, 0 left on base; Bakersfield 11 - Jersey City 0
TOP OF THE 8TH
Bakersfield Nobles batting - Pitching for Jersey City Tritons : LHP Wesley van Klaveren
Batting: RHB Byron Ballard 0-0: Swinging Strike
0-1: Fly out, F4 (Popup, 34, EV 83.1 MPH)
Batting: RHB Chut-sai Meng 0-0: Fly out, F8 (Flyball, 89D, EV 98.1 MPH)
Batting: RHB Yu-shu Kang 0-0: Called Strike
0-1: Swinging Strike
0-2: Foul Ball, location: 2F
0-2: Ball
1-2: Strikes out looking
Top of the 8th over - 0 runs, 0 hits, 0 errors, 0 left on base; Bakersfield 11 - Jersey City 0
BOTTOM OF THE 8TH
Jersey City Tritons batting - Pitching for Bakersfield Nobles : LHP Bing-zhong Qiu
Batting: LHB Justice Bigbie 0-0: SINGLE (Groundball, 6MD, EV 101.9 MPH)
Batting: RHB Santiago Valentín 0-0: Called Strike
0-1: Called Strike
0-2: Ball
1-2: Fly out, F6 (Line Drive, 6, EV 69.4 MPH)
Batting: RHB Xiao-yong Huang 0-0: Called Strike
0-1: Foul Ball, location: 2F
0-2: Ball
1-2: SINGLE (Groundball, 6D, EV 111.2 MPH)
Justice Bigbie to second
Batting: LHB Kevin Hancock 0-0: Ball
1-0: Swinging Strike
1-1: Foul Ball, location: 2F
1-2: Strikes out swinging
Pitching: RHP Jay Mahabir
Batting: RHB Víctor Bojórquez 0-0: Ball
1-0: Swinging Strike
1-1: Ground out 2-3 (Groundball, 15S, EV 67.5 MPH)
Bottom of the 8th over - 0 runs, 2 hits, 0 errors, 2 left on base; Bakersfield 11 - Jersey City 0
TOP OF THE 9TH
Bakersfield Nobles batting - Pitching for Jersey City Tritons : LHP Wesley van Klaveren
Batting: LHB Roldão Cintra 0-0: Called Strike
0-1: Called Strike
0-2: Ball
1-2: SINGLE (Groundball, 4MD, EV 98.8 MPH)
Batting: RHB Dídac Nores 0-0: Fly out, F9 (Flyball, 89M, EV 88.1 MPH)
Batting: RHB Juan Lugo 0-0: Called Strike
0-1: Called Strike
0-2: Grounds into double play, 6-4-3 (Groundball, 6, EV 92.5 MPH)
Top of the 9th over - 0 runs, 1 hit, 0 errors, 0 left on base; Bakersfield 11 - Jersey City 0
BOTTOM OF THE 9TH
Jersey City Tritons batting - Pitching for Bakersfield Nobles : RHP Jay Mahabir
Batting: LHB Steve Whitehead 0-0: Foul Ball, location: 2F
0-1: Fly out, F7 (Flyball, 7, EV 79.4 MPH)
Batting: RHB Ricardo Quintanilla 0-0: Fly out, F8 (Flyball, 8RS, EV 79.4 MPH)
Batting: LHB Jim Henson 0-0: Ball
1-0: Called Strike
1-1: Swinging Strike
1-2: Fly out, F5 (Line Drive, 5, EV 71.2 MPH)
Bottom of the 9th over - 0 runs, 0 hits, 0 errors, 0 left on base; Bakersfield 11 - Jersey City 0
Friday, March 26th, 2021 - OOTP Baseball 20.8 Build 74